 Dungeon Crawl Stone Soup version 0.19-a0-414-g76fec5b (webtiles) character file.

64425 McCoppin the Severer (level 14, 0/103 HPs)
             Began as a Demonspawn Gladiator on May 31, 2016.
             Was a Follower of Uskayaw.
             Killed by divine providence
             ... invoked by a smoke demon
              (17 damage)
             ... on level 1 of the Abyss on June 1, 2016.
             The game lasted 01:11:49 (22840 turns).

McCoppin the Severer (Demonspawn Gladiator)        Turns: 22840, Time: 01:11:50

Health: 0/103      AC: 25    Str: 27    XL:     14   Next: 71%
Magic:  4/8        EV: 14    Int: 10    God:    Uskayaw [*.....]
Gold:   1695       SH:  0    Dex: 15    Spells: 0 memorised, 13 levels left

rFire  + + +     SeeInvis +     v - +6 battleaxe "Giant's Demise" {antimagic, +Rage rC+ Str+3}
rCold  + . .     Gourm    .     U - +7 chain mail of the Country {rF+++ rC- rCorr Stlth-}
rNeg   . . .     Faith    .     (shield currently unavailable)
rPois  .         Spirit   .     c - +1 helmet
rElec  .         Dismiss  +     J - +1 cloak
rCorr  +         Reflect  .     i - +0 pair of gloves
SustAt .         Harm     .     (no boots)
MR     +....                    Y - amulet of dismissal
Stlth  ..........               A - ring of Nant {rC+ Str+5 SInv}
                                K - +5 ring of protection

@: repel missiles, somewhat resistant to hostile enchantments, extremely
unstealthy
A: talons 1, repulsion field 3, demonic guardian 1, foul stench 1, screaming 1,
rot immunity
a: Stomp, Renounce Religion, Evoke Berserk Rage


You were on level 1 of the Abyss.
You worshipped Uskayaw.
Uskayaw was aware of your devotion.
You were not hungry.

You visited 4 branches of the dungeon, and saw 21 of its levels.
You visited the Abyss 1 time.
You also visited: Ossuary and Volcano.

You collected 2215 gold pieces.
You spent 520 gold pieces at shops.

Inventory:

Hand Weapons
 v - the +6 battleaxe "Giant's Demise" (weapon) {antimagic, +Rage rC+ Str+3}
   (You bought it in a shop on level 10 of the Dungeon)

   It reduces the magical energy of the wielder, and disrupts the spells and
   magical abilities of those hit.
   Natural abilities and divine invocations are not affected.
   It affects your strength (+3).
   It protects you from cold.
   It lets you go berserk.
Missiles
 d - 4 throwing nets (quivered)
Armour
 c - a +1 helmet (worn)
 i - a +0 pair of gloves (worn)
 J - a +1 cloak (worn)
 U - the +7 chain mail of the Country (worn) {rF+++ rC- rCorr Stlth-}
   (You found it on level 7 of the Lair of Beasts)

   It renders you almost immune to fire.
   It makes you vulnerable to cold.
   It protects you from acid and corrosion.
   It makes you less stealthy.
Jewellery
 p - an uncursed ring of wizardry {unknown}
 A - the ring of Nant (right hand) {rC+ Str+5 SInv}
   (You found it on level 8 of the Lair of Beasts)

   [ring of protection from cold]

   It affects your strength (+5).
   It protects you from cold.
   It lets you see invisible.
 K - a +5 ring of protection (left hand)
 M - an uncursed ring of positive energy
 Y - an amulet of dismissal (around neck)
Wands
 s - a wand of digging (13/24)
 x - a wand of lightning (7/15)
 F - a wand of disintegration (6/24)
 Q - a wand of hasting (1/9)
Scrolls
 b - a scroll of summoning
 g - 11 scrolls of remove curse
 h - a scroll of identify
 o - 7 scrolls of enchant armour
 r - 5 scrolls of immolation
 t - 4 scrolls of noise {unknown}
 y - 5 scrolls of amnesia
 B - a scroll of brand weapon
 C - 2 scrolls of fear
 D - 4 scrolls of fog {unknown}
 G - 4 scrolls of recharging
 H - a scroll of vulnerability
 I - 3 scrolls of blinking
 S - 2 scrolls of enchant weapon
 T - 2 scrolls of torment {unknown}
 V - 3 scrolls of magic mapping
Potions
 a - 2 potions of ambrosia
 e - 4 potions of invisibility
 j - 4 potions of flight
 l - 8 potions of haste
 m - 5 potions of berserk rage
 q - 4 potions of agility
 u - 2 potions of magic
 z - a potion of curing
 E - a potion of cure mutation
 L - 5 potions of might
 N - a potion of beneficial mutation
 P - 3 potions of brilliance
 W - a potion of resistance
 Z - 6 potions of lignification
Comestibles
 f - 6 bread rations
 k - 6 beef jerkies
 n - 4 meat rations
 w - 14 fruits
 R - 5 slices of pizza


   Skills:
 - Level 7.6 Fighting
 * Level 18.4 Axes
 - Level 1.7 Throwing
 - Level 2.9 Dodging
 + Level 16.8 Invocations


You had 13 spell levels left.
You didn't know any spells.

Dungeon Overview and Level Annotations

Branches:
Dungeon (11/15)            Temple (1/1) D:4            Lair (8/8) D:10
  Swamp (0/4) Lair:3        Snake (0/4) Lair:3        Slime (0/6) Lair:6
    Orc (1/2) D:10

Altars:
Ashenzari
Cheibriados
Dithmenos
Elyvilon
Fedhas
Gozag
Hepliaklqana
Kikubaaqudgha
Makhleb
Nemelex Xobeh
Okawaru
Pakellas
Qazlal
Ru
Sif Muna
Trog
Uskayaw
Vehumet
Xom
Yredelemnul
Zin
The Shining One
Jiyva

Shops:
D:9 (   D:10 (   D:11 !

Portals:
Trove: D:10 (give +4 shadow dragon armour)

Annotations:
Orc:1 Erolcha


Innate Abilities, Weirdness & Mutations

You have sharp toenails.
You are surrounded by a strong repulsion field. (EV +4, RMsl)
A weak demonic guardian rushes to your aid.
You may emit foul miasma when damaged in melee.
You are immune to rotting.
You occasionally shout uncontrollably at your foes.


Message History

You slash the rakshasa!
The rakshasa's magic leaks into the air.
The rakshasa is almost dead.
The rakshasa hits you with a trident.
* * * LOW HITPOINT WARNING * * *
The rakshasa hits you but does no damage.
The rakshasa falters for a moment.
A smoke demon comes into view.
You slash the rakshasa!
You kill the rakshasa!
The rakshasa's magic leaks into the air.
You claw the rakshasa, but do no damage.
The rakshasa is almost dead.
The rakshasa shimmers and vanishes! x2
Unknown command.
Things that are here:
a trident; a robe The smoke demon gestures at you.
Something smites you!
You die...

#. . # ###. ##
##.#.##.
#....#.###.. #.#.
#... #. .
#...#..# .
#...#.#.#.# . # #
..#.@)..# # #
##.##5#.#..#.##..
#.##.#5.##..#
...##..3.
#..#.#..##.# .
..#.### ##
..###.. # # #...
# .... . #


You could see a smoke demon, a friendly crimson imp and a friendly white imp.

Vanquished Creatures
  Maud (Lair:6)
  2 rakshasas (Abyss:1)
  An ice dragon (Lair:8)
  7 hydras
  2 catoblepae
  2 lindwurms (Lair:8)
  An ugly thing (D:11)
  A griffon (Lair:8)
  2 manticores (Lair:8)
  A cyclops (D:11)
  2 black mambas (Lair:8)
  11 elephants
  Joseph (D:7)
  A centaur skeleton (D:10)
  6 torpor snails (Lair:8)
  13 spiny frogs
  11 komodo dragons
  8 rime drakes
  A merfolk (D:9)
  4 giant leeches (Lair:8)
  A polar bear (Lair:6)
  A two-headed ogre (D:11)
  Grinder (D:4)
  6 raiju (Abyss:1)
  4 large abominations (Abyss:1)
  12 blink frogs
  An air elemental (Abyss:1)
  2 spriggans
  14 wyverns
  7 fire bats (Volcano)
  2 wraiths (Abyss:1)
  40 yaks
  7 basilisks
  A chaos spawn (Abyss:1)
  10 hippogriffs
  5 swamp worms (Lair:3)
  A hungry ghost (D:9)
  2 mottled dragons (Volcano)
  Edmund (D:4)
  16 water moccasins
  3 nagas (Lair:3)
  7 hell hounds
  14 porcupines
  5 orc warriors
  2 ice beasts
  A necrophage (D:6)
  2 eyes of draining
  4 phantoms
  A black bear (Lair:6)
  3 wasps (Lair:8)
  8 ogres
  12 wolves
  8 centaurs
  16 crocodiles
  4 big kobolds
  2 gnoll sergeants
  15 giant frogs
  A wyvern skeleton (D:7)
  2 scorpions
  3 small abominations (Abyss:1)
  8 killer bees
  9 wights
  2 electric eels
  A crimson imp (D:7)
  10 starcursed masses (Abyss:1)
  3 centaur zombies
  9 hounds
  7 orc priests
  A jelly (D:6)
  Natasha (thrice) (D:4)
  7 iguanas
  7 orc wizards
  7 worker ants
  11 sheep
  3 ogre zombies (Ossuary)
  2 hound zombies
  A hound skeleton (D:10)
  7 mummies (Ossuary)
  2 worker ant zombies
  8 gnolls
  13 adders
  60 river rats
  3 shadow imps (D:5)
  An adder zombie (Ossuary)
  An adder skeleton (D:8)
  21 worms
  6 giant geckos
  48 orcs
  5 giant cockroaches
  2 gnoll zombies (Ossuary)
  3 goblins
  12 hobgoblins
  12 jackals
  5 quokkas
  A ball python (D:3)
  2 bats
  A giant gecko skeleton (D:8)
  A giant gecko zombie (D:6)
  6 giant newts
  7 goblin zombies
  4 hobgoblin zombies (Ossuary)
  26 kobolds
  8 kobold zombies (Ossuary)
  An orc zombie (Ossuary)
  A quokka skeleton (D:5)
  3 quokka zombies (Ossuary)
  7 rats
  4 fungi
  7 plants
704 creatures vanquished.

Vanquished Creatures (collateral kills)
  A hydra (Lair:5)
  A hill giant (D:10)
  An elephant (Lair:5)
  A spiny frog (Lair:2)
  A komodo dragon (Lair:4)
  A rime drake (Lair:8)
  A troll (D:10)
  A two-headed ogre (D:10)
  Sigmund (D:5)
  4 yaks
  A fire bat (Volcano)
  A hippogriff (Lair:3)
  An ice beast (D:5)
  An ogre (D:7)
  A centaur (D:5)
  A crocodile (Lair:5)
  A big kobold (D:6)
  A hound (D:6)
  2 iguanas
  3 river rats
  An orc (D:6)
  2 kobolds (D:6)
29 creatures vanquished.

Vanquished Creatures (others)
  An ufetubus (Abyss:1)
  36 fungi
  13 plants
50 creatures vanquished.

Grand Total: 783 creatures vanquished

Notes
Turn   | Place    | Note
--------------------------------------------------------------
     0 | D:1      | McCoppin the Demonspawn Gladiator began the quest for the Orb.
     0 | D:1      | Reached XP level 1. HP: 16/16 MP: 1/1
   200 | D:1      | Gained mutation: You have sharp toenails. [demonic ancestry]
   200 | D:1      | Reached XP level 2. HP: 18/22 MP: 2/2
   289 | D:1      | Reached skill level 3 in Axes
   735 | D:2      | Found an iron altar of Okawaru.
   753 | D:2      | Gained mutation: You are immune to rotting. [demonic ancestry]
   753 | D:2      | Reached XP level 3. HP: 9/28 MP: 3/3
  1124 | D:2      | Gained mutation: A weak demonic guardian rushes to your aid. [demonic ancestry]
  1124 | D:2      | Reached XP level 4. HP: 23/34 MP: 4/4
  1456 | D:3      | Found a faded altar of an unknown god.
  1608 | D:3      | Reached skill level 4 in Axes
  2129 | D:4      | Found a glowing silver altar of Zin.
  2129 | D:4      | Found a bloodstained altar of Trog.
  2129 | D:4      | Found a hazy altar of Hepliaklqana.
  2130 | D:4      | Found a white marble altar of Elyvilon.
  2130 | D:4      | Found a shattered altar of Ashenzari.
  2130 | D:4      | Found a sparkling altar of Nemelex Xobeh.
  2170 | D:4      | Found a staircase to the Ecumenical Temple.
  2177 | Temple   | Entered the Ecumenical Temple
  2267 | D:4      | Gained mutation: You are surrounded by a mild repulsion field. (EV +2) [demonic ancestry]
  2267 | D:4      | Reached XP level 5. HP: 41/41 MP: 5/5
  2805 | D:4      | Noticed Edmund
  2806 | D:4      | Noticed Grinder
  2839 | D:4      | Killed Edmund
  2839 | D:4      | Reached skill level 5 in Axes
  2839 | D:4      | Gained mutation: You are surrounded by a moderate repulsion field. (EV +3) [demonic ancestry]
  2839 | D:4      | Reached XP level 6. HP: 14/48 MP: 6/6
  3045 | D:4      | Paralysed by Grinder for 2 turns
  3056 | D:4      | Killed Grinder
  3254 | D:4      | Reached skill level 6 in Axes
  3254 | D:4      | Gained mutation: You may emit foul miasma when damaged in melee. [demonic ancestry]
  3254 | D:4      | Reached XP level 7. HP: 38/55 MP: 7/7
  3586 | D:4      | Noticed Natasha
  3593 | D:4      | Killed Natasha
  3646 | D:4      | Noticed Natasha
  3653 | D:4      | Killed Natasha
  3671 | D:5      | Entered Level 5 of the Dungeon
  3674 | D:5      | Reached skill level 5 in Fighting
  3938 | D:5      | Noticed Sigmund
  3955 | D:5      | Killed Sigmund
  3955 | D:5      | Reached skill level 7 in Axes
  3985 | D:5      | Reached XP level 8. HP: 25/64 MP: 8/8
  4911 | D:6      | Reached skill level 8 in Axes
  4936 | D:6      | Found a hide-covered altar of Uskayaw.
  4944 | D:6      | Became a worshipper of Uskayaw the Reveler
  4972 | D:6      | Reached * piety under Uskayaw
  4975 | D:6      | Reached ** piety under Uskayaw
  4979 | D:6      | Reached skill level 1 in Invocations
  4979 | D:6      | Reached *** piety under Uskayaw
  5636 | D:6      | Reached XP level 9. HP: 54/71 MP: 11/11
  5642 | D:6      | Reached skill level 9 in Axes
  6323 | D:6      | Reached **** piety under Uskayaw
  6723 | D:7      | Reached skill level 5 in Invocations
  6738 | D:7      | Reached ***** piety under Uskayaw
  7038 | D:7      | Reached skill level 10 in Axes
  7399 | D:7      | Noticed Joseph
  7413 | D:7      | Killed Joseph
  7413 | D:7      | Reached XP level 10. HP: 71/79 MP: 13/15
  7650 | D:8      | Found a sand-covered staircase.
  7713 | Ossuary  | Entered an ossuary
  8307 | D:8      | Reached skill level 11 in Axes
  8399 | D:8      | Found a deep blue altar of Sif Muna.
  8497 | D:8      | Found a glowing golden altar of the Shining One.
  9038 | D:9      | Found Nexi's Weapon Boutique.
  9372 | D:9      | Reached skill level 12 in Axes
  9566 | D:10     | Entered Level 10 of the Dungeon
  9566 | D:10     | Found a staircase to the Orcish Mines.
  9825 | D:4      | Noticed Natasha
  9828 | D:4      | Killed Natasha
  9942 | D:1      | Got a jewelled chain mail
  9953 | D:1      | Identified the cursed +1 chain mail of Synchronized Stabbing {rPois SInv} (You found it on level 1 of the Dungeon)
 10208 | D:10     | Found a staircase to the Lair.
 10218 | D:10     | Reached XP level 11. HP: 54/84 MP: 18/18
 10233 | D:10     | Reached skill level 10 in Invocations
 10270 | D:10     | Noticed a hill giant
 10280 | D:10     | Killed a hill giant
 11008 | D:10     | Found a portal to a secret trove of treasure.
 11014 | D:10     | Found Xugior's Antique Weapon Shoppe.
 11029 | D:10     | Reached skill level 13 in Axes
 11032 | D:10     | Bought an ancient battleaxe for 345 gold pieces
 11032 | D:10     | Identified the +6 battleaxe "Giant's Demise" {antimagic, +Rage rC+ Str+3} (You bought it in a shop on level 10 of the Dungeon)
 11571 | D:11     | Noticed a cyan ugly thing
 11583 | D:11     | Killed a cyan ugly thing
 11588 | D:11     | Gained mutation: You occasionally shout uncontrollably at your foes. [mutagenic meat]
 11656 | D:11     | Found Iwewkiul's Distillery.
 11661 | D:11     | Bought a potion of mutation for 32 gold pieces
 11661 | D:11     | Bought a potion of curing for 39 gold pieces
 11661 | D:11     | Bought a potion of heal wounds for 65 gold pieces
 11661 | D:11     | Bought a potion of lignification for 39 gold pieces
 11661 | D:11     | Gained mutation: You tend to lose your temper in combat. [potion of mutation]
 11661 | D:11     | Gained mutation: You are clumsy. (Dex -2) [potion of mutation]
 11661 | D:11     | Gained mutation: Your muscles are strong. (Str +2) [potion of mutation]
 12191 | Lair:1   | Entered Level 1 of the Lair of Beasts
 12980 | Lair:2   | Reached skill level 14 in Axes
 13234 | Lair:2   | Gained mutation: You are surrounded by a strong repulsion field. (EV +4, RMsl) [demonic ancestry]
 13234 | Lair:2   | Reached XP level 12. HP: 88/91 MP: 6/20
 13599 | Lair:3   | Found a dark tunnel.
 13614 | Volcano  | Entered a volcano
 13651 | Volcano  | Reached ****** piety under Uskayaw
 13934 | Lair:3   | Found a staircase to the Snake Pit.
 14019 | Lair:3   | Noticed a catoblepas
 14032 | Lair:3   | Killed a catoblepas
 14349 | Lair:3   | Reached skill level 15 in Axes
 14670 | Lair:3   | Found a staircase to the Swamp.
 16278 | Lair:5   | Reached XP level 13. HP: 86/97 MP: 7/23
 16506 | Lair:5   | Reached skill level 16 in Axes
 17148 | Lair:6   | Noticed Maud
 17163 | Lair:6   | Killed Maud
 17916 | Lair:6   | Reached skill level 15 in Invocations
 18253 | Lair:6   | Found a viscous altar of Jiyva.
 18257 | Lair:6   | Found a staircase to the Slime Pits.
 18464 | Lair:7   | Reached skill level 17 in Axes
 18618 | Lair:7   | Found a hide-covered altar of Uskayaw.
 18640 | Lair:7   | Got a steaming chain mail
 18664 | Lair:7   | Identified the +7 chain mail of the Country {rF+++ rC- rCorr Stlth-} (You found it on level 7 of the Lair of Beasts)
 18766 | Lair:7   | Lost mutation: Your muscles are strong. (Str +2) [potion of cure mutation]
 18766 | Lair:7   | Lost mutation: You tend to lose your temper in combat. [potion of cure mutation]
 18766 | Lair:7   | Lost mutation: You are clumsy. (Dex -2) [potion of cure mutation]
 18903 | Lair:8   | Entered Level 8 of the Lair of Beasts
 19381 | Lair:8   | Reached XP level 14. HP: 103/103 MP: 8/25
 19484 | Lair:8   | Found a runed door.
 20079 | Lair:8   | Got a warped jade ring
 20081 | Lair:8   | Identified the ring of Nant {rC+ Str+5 SInv} (You found it on level 8 of the Lair of Beasts)
 20900 | Lair:8   | Reached skill level 18 in Axes
 21510 | Orc:1    | Entered Level 1 of the Orcish Mines
 21513 | Orc:1    | Noticed Erolcha
 21516 | Orc:1    | Cast into level 1 of the Abyss (Erolcha)
 21516 | Abyss:1  | Found a corrupted altar of Lugonu.
 21717 | Abyss:1  | Noticed a starcursed mass
 21723 | Abyss:1  | Paralysed by accursed screaming for 1 turns
 21728 | Abyss:1  | Paralysed by accursed screaming for 1 turns
 22053 | Abyss:1  | Noticed a starcursed mass
 22070 | Abyss:1  | Paralysed by accursed screaming for 1 turns
 22201 | Abyss:1  | Noticed a starcursed mass
 22277 | Abyss:1  | Noticed a starcursed mass
 22610 | Abyss:1  | Noticed a purple very ugly thing
 22611 | Abyss:1  | Noticed a purple very ugly thing
 22613 | Abyss:1  | Noticed a cyan very ugly thing
 22619 | Abyss:1  | Noticed a bone dragon
 22791 | Abyss:1  | HP: 3/103 [large abomination (15)]
 22840 | Abyss:1  | Killed from afar by a smoke demon

Vault maps used:
D:1:      lightli_arrival_quake, minmay_surrounded
D:2:      okawaru_gym_becter
D:3:      ecumenical_altar_2, first_bread
D:4:      grunt_temple_overflow_open, minmay_temple_entry_statues_fountains,
          minmay_tree_intersection, uniq_grinder, uniq_natasha, uniq_edmund
D:5:      uniq_sigmund
D:6:      kennysheep_housing_project, overflow_temple_1_default
D:7:      uniq_joseph
D:8:      tso_oasis_becter, lemuel_round_altar, enter_ossuary_3
D:9:      serial_shops, shop, hangedman_fish_farm
D:10:     minmay_lair_entry_grove, orc_0_dummy, enter_trove_0, serial_shops,
          shop
D:11:     serial_shops, nicolae_shop_crystal, kennysheep_generic_room_11
Temple:   circular_temple_12
Lair:1:   infiniplex_staircase_pool
Lair:2:   st_stairs_11, serial_bayou_lagoon_a
Lair:3:   nicolae_swamp_entry_splash_gauntlet, guppyfry_snake_entry_garden,
          nicolae_volcano_entry_hallway, grunt_megastairs_5
Lair:4:   grunt_megastairs_2
Lair:5:   beast_lair_carwin_10
Lair:6:   slime_altar_1, special_room, grunt_forest_stairs_clearing,
          lemuel_fruit_tree, bh_autumn_forest_stairs, uniq_maud
Lair:7:   basic_altar
Lair:8:   wormcave, hangedman_lair_in_review, grunt_forest_large_clearing_hut
Orc:1:    uniq_erolcha
Ossuary:  ossuary_boxes_badplayer
Volcano:  volcano_caves

Skill      XL: |  1  2  3  4  5  6  7  8  9 10 11 12 13 14 |
---------------+-------------------------------------------+-----
Axes           | 3 4 5 6 7 8 10 12 14 15 17 18 | 18.4
Fighting       | 3 4 5 6 7 |  7.6
Invocations    | 3 6 9 11 13 15 16 | 16.8
Throwing       | |  1.7
Dodging        | |  2.9

Action                   |  1- 3 |  4- 6 |  7- 9 | 10-12 | 13-15 || total
-------------------------+-------+-------+-------+-------+-------++-------
Melee: War axe           |   104 |   119 |   393 |   439 |       ||  1055
       Kick              |    17 |    41 |   115 |   263 |   278 ||   714
       Battleaxe         |       |       |       |   425 |   666 ||  1091
Throw: Throwing net      |       |     2 |     1 |       |     1 ||     4
Invok: Stomp             |       |       |     7 |     1 |     9 ||    17
       Line Pass         |       |       |     1 |       |     2 ||     3
       Grand Finale      |       |       |       |     2 |     4 ||     6
Evoke: Wand              |       |       |       |     1 |     5 ||     6
  Use: Scroll            |       |     9 |     7 |    10 |    11 ||    37
       Potion            |       |       |       |     1 |    14 ||    15
 Stab: Sleeping          |     3 |     3 |     1 |       |       ||     7
       Held in net/web   |       |     1 |       |       |       ||     1
       Distracted        |       |       |     1 |     3 |     4 ||     8
       Paralysed         |       |       |    20 |    80 |    80 ||   180
       Confused          |       |       |     1 |       |     1 ||     2
  Eat: Chunk             |       |     6 |     7 |     8 |     2 ||    23
       Meat ration       |       |     1 |       |     4 |     2 ||     7
       Bread ration      |       |       |     1 |     2 |     4 ||     7
       Royal jelly       |       |       |       |     1 |       ||     1
       Beef jerky        |       |       |       |     1 |       ||     1
       Fruit             |       |       |       |     2 |       ||     2
Armor: Leather armour    |    44 |    28 |    22 |       |       ||    94
       Chain mail        |       |       |   134 |   428 |   353 ||   915
Dodge: Dodged            |    86 |    80 |   272 |   459 |   428 ||  1325
       Deflected         |       |       |       |     4 |     4 ||     8
